 Dungeon Crawl Stone Soup version 0.22-a0-21-g9421e3f (webtiles) character file.

5 tidbits the Grave Robber (level 1, 4/7 HPs)
             Began as a Felid Necromancer on Jan 2, 2018.
             Quit the game on level 1 of the Dungeon.
             The game lasted 00:01:20 (242 turns).

tidbits the Grave Robber (Felid Necromancer)         Turns: 242, Time: 00:01:21

Health: 4/7        AC:  1    Str:  4    XL:     1   Next: 66%
Magic:  4/4        EV: 18    Int: 16    God:
Gold:   39         SH:  0    Dex: 16    Spells: 3/4 levels left
                                        Lives:  0   Deaths: 0

rFire    . . .     SeeInvis +   (weapon unavailable)
rCold    . . .     Gourm    .   (shield unavailable)
rNeg     . . .     Faith    .   (armour unavailable)
rPois    .         Spirit   .   (helmet unavailable)
rElec    .         Reflect  .   (cloak unavailable)
rCorr    .         Harm     .   (gloves unavailable)
MR       .....                  (boots unavailable)
Stlth    +++.......             (no amulet)
HPRegen  0.02/turn              (no ring)
MPRegen  0.09/turn              (no ring)

@: quick
A: very small, no armour, no weapons or thrown items, stealth, claws 1, fangs 3,
see invisible, carnivore, speed 1, shaggy fur 1, slow metabolism 1, sharp paws
a: no special abilities


You were on level 1 of the Dungeon.
You were not hungry.

You visited 1 branch of the dungeon, and saw 1 of its levels.

You collected 39 gold pieces.

Inventory:

Scrolls
 d - a scroll of amnesia {unknown}
 e - a scroll of fog {unknown}
Potions
 c - 2 potions of flight {unknown}
Books
 a - a book of Necromancy

   Spells                             Type                      Level
   a - Pain                           Necromancy                   1
   b - Animate Skeleton               Necromancy                   1
   c - Vampiric Draining              Necromancy                   3
   d - Regeneration                   Charms/Necromancy            3
   e - Animate Dead                   Necromancy                   4
   f - Borgnjor's Vile Clutch         Necromancy/Earth             5
Comestibles
 b - a ration


   Skills:
 - Level 2.8 Dodging
 + Level 2.8 Stealth
 + Level 0.6 Unarmed Combat
 - Level 2.0 Spellcasting
 - Level 4.0 Necromancy


You had 3 spell levels left.
You knew the following spells:

 Your Spells              Type           Power        Failure   Level  Hunger
a - Pain                  Necr           ##..         3%          1    #......


Dungeon Overview and Level Annotations

Branches:
Dungeon (1/15)

Altars:


Innate Abilities, Weirdness & Mutations

You cannot wear armour.
You are incapable of wielding weapons or throwing items.
Your paws allow you to move quietly. (Stealth)
You have sharp claws.
You have razor-sharp teeth.
You have supernaturally acute eyesight. (SInv)
You are carnivorous and can eat meat at any time.
You cover ground quickly.
You are covered in fur. (AC +1)
You have a slow metabolism.
Your sharp claws are effective at attacking unaware monsters.


Message History

Press ? for a list of commands and other information.
Found 16 gold pieces.
Found a staircase leading out of the dungeon.
Found 17 gold pieces and 23 sling bullets.
Found 6 gold pieces.
You now have 9 gold pieces.
You now have 15 gold pieces (gained 6).
You now have 31 gold pieces (gained 16).
You now have 39 gold pieces (gained 8).
Found a fizzy coppery potion.
c - a fizzy coppery potion
Found a scroll labeled IFOXOUR SAAMIS. 2 hobgoblins come into view.
Found a stone staircase leading down.
You see here a scroll labeled IFOXOUR SAAMIS.
The hobgoblin shouts!
Found 26 sling bullets.
A rat comes into view.
You see here a scroll labeled IFOXOUR SAAMIS.
d - a scroll labeled IFOXOUR SAAMIS The hobgoblin shouts!
A goblin comes into view.
Casting: Pain
Confirm with . or Enter, or press ? or * to list all spells.
Aiming: Pain
Press: ? - help, Shift-Dir - straight line, f - hobgoblin
Aim: a hobgoblin (chance to defeat MR: 85%)
The hobgoblin writhes in agony!
Casting: Pain
Confirm with . or Enter, or press ? or * to list all spells.
Aiming: Pain
Press: ? - help, Shift-Dir - straight line, f/p - hobgoblin
Aim: a hobgoblin (lightly wounded, chance to defeat MR: 85%)
The hobgoblin writhes in agony!
Casting: Pain
Confirm with . or Enter, or press ? or * to list all spells.
Aiming: Pain
Press: ? - help, Shift-Dir - straight line, f/p - hobgoblin
Aim: a hobgoblin (moderately wounded, chance to defeat MR: 85%)
The hobgoblin writhes in agony!
You kill the hobgoblin!
Casting: Pain
Confirm with . or Enter, or press ? or * to list all spells.
Aiming: Pain
Press: ? - help, Shift-Dir - straight line, f - hobgoblin
Aim: a hobgoblin (chance to defeat MR: 85%)
You miscast Pain.
You are very lightly contaminated with residual magic.
You sense a malignant aura.
The hobgoblin closely misses you.
Casting: Pain
Confirm with . or Enter, or press ? or * to list all spells.
Aiming: Pain
Press: ? - help, Shift-Dir - straight line, f/p - hobgoblin
Aim: a hobgoblin (chance to defeat MR: 85%)
The hobgoblin writhes in agony!
Your magical contamination has completely faded away.
Casting: Pain
Confirm with . or Enter, or press ? or * to list all spells.
Aiming: Pain
Press: ? - help, Shift-Dir - straight line, f/p - hobgoblin
Aim: a hobgoblin (moderately wounded, chance to defeat MR: 85%)
The hobgoblin writhes in agony!
You kill the hobgoblin!
You start resting.
Magic restored.
A frilled lizard comes into view.
The frilled lizard hisses angrily.
Casting: Pain
Confirm with . or Enter, or press ? or * to list all spells.
Aiming: Pain
Press: ? - help, Shift-Dir - straight line, f - frilled lizard
Aim: a frilled lizard (chance to defeat MR: 85%)
The frilled lizard writhes in agony!
You kill the frilled lizard!
You start resting.
Magic restored.
Unknown command.
You see here a frilled lizard corpse.
Found a scroll labeled QONLUR APN and a scroll labeled FYSUOPP EFUM.
e - a scroll labeled FYSUOPP EFUM You open the door.
There is an open door here.
You open the door.
A frilled lizard comes into view.
There is an open door here.
The helpless goblin fails to defend itself.
You claw the goblin!
You kill the goblin!
The helpless frilled lizard fails to defend itself.
You claw the frilled lizard!
You kill the frilled lizard!
You open the large door.
There is a large open door here.
There is a large open door here.
Found a short sword.
Found a fizzy coppery potion.
c - 2 fizzy coppery potions (gained 1)
You open the door.
There is an open door here.
Are you sure you want to abandon this character and quit the game? (Confirm with "yes".)

#.. # #. ..
########+###
...........#
........)..#
....##.....#
###
....##.....#
#@#
######.....#
#.# #......#
#.# #....####
#.# #.......#
#.# #.......#
#.#
#.......####.#
#.......'....#
#.......######


There were no monsters in sight!

Vanquished Creatures
  A goblin (D:1)
  2 hobgoblins (D:1)
  2 frilled lizards (D:1)
5 creatures vanquished.

Notes
Turn   | Place    | Note
-------+----------+-------------------------------------------
     0 | D:1      | tidbits the Felid Necromancer began the quest for the Orb.
     0 | D:1      | Reached XP level 1. HP: 7/7 MP: 4/4
   242 | D:1      | Quit the game

Vault maps used:
D:1:      matt_arrival_diagonals, st_stairs_5, serial_bayou_pond_d

Action                   || total
-------------------------++-------
Melee: Unarmed           ||     2
 Cast: Pain              ||     6
 Stab: Sleeping          ||     2
Dodge: Dodged            ||     1

Table legend:
 A = Spawn XP
 B = Non-spawn XP
 C = Spawn XP percentage of total XP
 D = Spawn monster count
 E = Non-spawn monster count
 F = Spawn count percentage of total count
 G = Total turns spent on level
                    A         B        C        D         E        F      G
               +---------+---------+-------+---------+---------+-------+---------
         Total |       0 |       8 |   0.0 |       0 |       5 |   0.0 |   242
               +---------+---------+-------+---------+---------+-------+---------
           D:1 |       0 |       8 |   0.0 |       0 |       5 |   0.0 |   242
               +---------+---------+-------+---------+---------+-------+---------

Table legend:
 A = Turns spent in this place as a percentage of turns spent in the entire game.
 B = Non-inter-level travel turns spent in this place as a percentage of non-inter-level travel turns spent in the entire game.
 C = Inter-level travel turns spent in this place as a percentage of turns spent in this place.
 D = Turns resting spent in this place as a percentage of non-inter-level travel turns spent in this place.
 E = Turns spent auto-exploring this place as a percentage of non-inter-level travel turns spent in this place.
 F = Non-inter-level travel turns spent in this place divided by the number of levels of this place that you've seen.
                   A       B       C       D       E      F
               +-------+-------+-------+-------+-------+----------------------
         Total | 100.0 | 100.0 |   0.0 |  21.9 |   0.0 | 242.0
       Dungeon | 100.0 | 100.0 |   0.0 |  21.9 |   0.0 | 242.0
               +-------+-------+-------+-------+-------+----------------------

Table legend:
 A = Kills in this place as a percentage of kills in entire the game.
 B = Kills by you in this place as a percentage of kills by you in the entire game.
 C = Kills by friends in this place as a percentage of kills by friends in the entire game.
 D = Other kills in this place as a percentage of other kills in the entire game.
 E = Experience gained in this place as a percentage of experience gained in the entire game.
 F = Experience gained in this place divided by the number of levels of this place that you have seen.
                   A       B       C       D       E      F
               +-------+-------+-------+-------+-------+----------------------
         Total | 100.0 | 100.0 |   N/A |   N/A | 100.0 |   8.0
       Dungeon | 100.0 | 100.0 |   N/A |   N/A | 100.0 |   8.0
               +-------+-------+-------+-------+-------+----------------------

Vault maps used:
D:1:      matt_arrival_diagonals, st_stairs_5, serial_bayou_pond_d
